Map: Frost LE

Players

NoOnAL

  • Race: Zerg Zerg
  • League: Diamond

llllllllllll - Winner!

  • Race: Protoss Protoss
  • League: Diamond

VOD

Have the link to the VOD?

Description

Time

  • Played on: Oct. 11, 2016, 3:44 p.m.
  • Length: 18:00
Show
View Real Time Build Order
Export as new Build Order

NoOnAL Zerg 

Build Orders: Hatch First 

Get SALT Encoding   

  12  0:02  Drone  
  13  0:12  Overlord  
  13  0:17  Drone  
  14  0:31  Drone x2  
  14  0:35  Drone  
  17  0:46  Drone  
  18  0:57  Hatchery  
  18  0:58  Drone  
  18  1:07  Drone  
  19  1:15  Spawning Pool  
  19  1:17  Drone  
  19  1:22  Extractor  
  18  1:34  Drone  
  18  1:39  Drone  
  20  1:53  Drone  
  21  1:54  Hatchery  
  20  2:04  Drone  
  21  2:14  Drone x2  
  23  2:17  Queen  
  25  2:24  Drone x2, Metabolic Boost  
  27  2:34  Extractor, Queen  
  29  2:40  Overlord  
  29  2:52  Overlord  
  29  3:00  Drone x4  
  29  3:04  Queen  
  35  3:13  Queen  
  35  3:15  Zergling x2  
  35  3:16  Zergling x8  
  42  3:22  Drone  
  43  3:31  Drone x2  
  45  3:35  Drone x3  
  45  3:36  Evolution Chamber, Drone  
  45  3:37  Evolution Chamber, Extractor  
  46  3:43  Drone x4  
  50  3:53  Overlord x2  
  50  3:56  Spore Crawler  
  50  4:00  Extractor  
  48  4:09  Drone x2  
  49  4:20  Drone x9  
  58  4:30  Drone x6  
  63  4:36  Lair  
  63  4:37  Roach Warren  
  62  4:40  Zerg Missile Weapons Level 1  
  62  4:49  Overlord  
  62  4:51  Spine Crawler  
  62  4:52  Drone x4  
  65  4:56  Overlord x2  
  65  4:59  Extractor  
  64  5:02  Zerg Ground Armor Level 1  
  64  5:05  Drone  
  65  5:08  Extractor  
  65  5:09  Drone x4  
  65  5:10  Drone  
  67  5:16  Roach  
  69  5:21  Roach  
  69  5:22  Roach x4  
  79  5:33  Extractor  
  79  5:34  Drone x6  
  79  6:03  Roach x5  
  87  6:21  Spine Crawler  
  87  6:23  Drone x4  
  90  6:26  Overlord  
  90  6:27  Overlord x5  
  90  6:28  Spine Crawler  
  90  6:30  Glial Reconstitution  
  89  6:38  Hydralisk Den  
  87  6:45  Drone x2  
  87  6:46  Drone x8  
  96  6:59  Zerg Missile Weapons Level 2  
  96  7:00  Zerg Ground Armor Level 2  
  96  7:03  Ravager x5  
  96  7:05  Zergling x2  
  96  7:06  Zergling x18  
  111  7:21  Roach x6  
  123  7:25  Hatchery  
  122  7:35  Hatchery  
  122  7:36  Overseer  
  121  7:37  Pneumatized Carapace  
  121  7:47  Spore Crawler x2  
  121  7:48  Spore Crawler  
  121  7:50  Spore Crawler  
  94  7:53  Spore Crawler  
  94  7:54  Spore Crawler  
  94  7:56  Hydralisk, Roach  
  94  7:57  Hydralisk x4, Roach x5  
  92  8:17  Roach x4  
  94  8:25  Drone x2  
  93  8:33  Drone x2  
  48  9:13  Hydralisk x6  
  49  9:22  Drone x3  
  52  9:25  Drone  
  49  9:40  Drone x3  
  49  9:43  Drone  
  46  9:54  Drone x3  
  49  10:00  Drone x3  
  52  10:09  Drone x4  
  56  10:14  Lair  
  56  10:23  Drone x2  
  58  10:28  Spore Crawler  
  58  10:32  Drone  
  58  10:33  Spore Crawler  
  57  10:38  Spore Crawler  
  57  10:39  Drone x2  
  56  10:45  Hydralisk  
  56  10:46  Hydralisk x3  
  58  11:04  Muscular Augments  
  58  11:13  Drone x10  
  68  11:37  Drone  
  68  11:38  Drone x3  
  72  11:42  Hatchery  
  71  11:54  Spore Crawler  
  70  12:05  Overlord  
  70  12:07  Hydralisk  
  70  12:08  Hydralisk x5  
  72  12:09  Roach  
  72  12:14  Spore Crawler  
  83  12:23  Infestation Pit  
  83  12:24  Hydralisk x5  
  73  12:53  Drone x9  
  82  13:05  Drone x4  
  86  13:14  Roach  
  86  13:16  Drone  
  89  13:33  Hydralisk x5  
  99  13:47  Drone x2  
  101  13:51  Drone x6  
  107  14:12  Hydralisk x4  
  115  14:20  Spore Crawler  
  115  14:23  Extractor  
  113  14:27  Extractor  
  112  14:36  Hatchery  
  109  14:57  Roach x7  
  119  15:13  Spore Crawler  
  101  15:42  Hydralisk x3  
  103  15:54  Drone x2  
  105  16:12  Zergling x6  
  105  16:18  Drone  
  109  16:20  Drone  
  110  16:36  Roach x2  
  110  16:37  Roach  
  116  16:57  Roach x4  
  116  17:00  Hatchery  
  123  17:03  Overlord  
  109  17:38  Roach x2  
  109  17:39  Roach x7  
Show
View Real Time Build Order
Export as new Build Order

llllllllllll Protoss - Winner!

Build Orders:  

Get SALT Encoding   

  12  0:01  Probe (Chrono Boost)  
  13  0:11  Probe (Chrono Boost)  
  14  0:24  Probe (Chrono Boost), Pylon  
  15  0:42  Probe (Chrono Boost)  
  16  0:52  Probe (Chrono Boost)  
  17  1:03  Probe (Chrono Boost)  
  18  1:06  Nexus  
  18  1:13  Probe (Chrono Boost)  
  19  1:20  Gateway  
  19  1:24  Probe (Chrono Boost)  
  20  1:29  Assimilator  
  20  1:35  Assimilator  
  20  1:43  Probe (Chrono Boost)  
  21  1:50  Pylon  
  21  1:54  Probe (Chrono Boost)  
  22  1:57  Gateway  
  22  2:10  Probe (Chrono Boost)  
  23  2:20  Probe (Chrono Boost)  
  24  2:25  Probe (Chrono Boost)  
  25  2:31  Probe (Chrono Boost), Cybernetics Core  
  25  2:34  Pylon  
  25  2:36  Probe (Chrono Boost)  
  27  2:41  Probe (Chrono Boost)  
  28  2:46  Probe (Chrono Boost)  
  29  2:52  Probe (Chrono Boost)  
  29  2:55  Pylon  
  29  2:57  Probe (Chrono Boost)  
  31  3:03  Probe (Chrono Boost)  
  32  3:07  Probe (Chrono Boost)  
  32  3:08  Adept x2  
  37  3:14  Probe (Chrono Boost)  
  37  3:18  Probe (Chrono Boost), Assimilator  
  39  3:22  Assimilator  
  39  3:24  Probe (Chrono Boost)  
  40  3:29  Probe (Chrono Boost)  
  41  3:39  Adept  
  41  3:40  Adept  
  45  3:43  Probe (Chrono Boost)  
  45  3:44  Probe (Chrono Boost)  
  47  3:51  Warp Gate  
  47  3:53  Probe (Chrono Boost)  
  47  3:54  Probe (Chrono Boost)  
  49  3:56  Stargate  
  49  3:59  Stargate  
  49  4:06  Stargate  
  49  4:07  Probe (Chrono Boost)  
  49  4:08  Probe (Chrono Boost)  
  51  4:15  Forge  
  51  4:23  Pylon  
  51  4:25  Pylon  
  51  4:35  Mothership Core (Chrono Boost)  
  51  4:37  Adept x2  
  57  4:49  Photon Cannon  
  57  4:51  Photon Cannon  
  57  4:53  Photon Cannon  
  57  4:59  Photon Cannon  
  57  5:04  Oracle  
  60  5:15  Oracle x2  
  66  5:23  Pylon  
  66  5:56  Oracle x3  
  73  6:14  Pylon  
  73  6:16  Pylon  
  73  6:21  Gateway x2  
  73  6:23  Gateway  
  73  6:25  Gateway  
  73  6:28  Gateway  
  73  6:31  Oracle x2  
  73  6:32  Oracle  
  72  6:48  Pylon  
  72  7:07  Oracle  
  75  7:24  Adept x4  
  75  7:25  Adept x3  
  67  8:33  Stalker x5  
  67  8:34  Stalker x2  
  67  8:59  Stalker  
  67  9:01  Stalker  
  67  9:02  Stalker x3  
  71  9:17  Void Ray x3  
  83  9:24  Mothership Core (Chrono Boost)  
  75  9:50  Nexus  
  77  10:00  Probe x2 (Chrono Boost)  
  77  10:11  Probe (Chrono Boost)  
  78  10:24  Pylon  
  78  10:27  Pylon  
  79  10:28  Probe (Chrono Boost)  
  79  10:52  Void Ray  
  83  11:03  Probe x2 (Chrono Boost)  
  85  11:05  Probe (Chrono Boost)  
  86  11:13  Probe x2 (Chrono Boost)  
  86  11:16  Probe (Chrono Boost)  
  89  11:23  Assimilator  
  89  11:27  Probe x2 (Chrono Boost), Assimilator  
  91  11:37  Probe x2 (Chrono Boost)  
  93  11:47  Void Ray  
  93  11:48  Probe (Chrono Boost)  
  98  11:58  Probe (Chrono Boost)  
  99  12:02  Void Ray  
  103  12:11  Pylon  
  103  12:12  Pylon  
  103  12:13  Probe (Chrono Boost)  
  105  12:15  Probe (Chrono Boost)  
  105  12:23  Probe (Chrono Boost)  
  105  12:26  Probe (Chrono Boost)  
  98  12:57  Void Ray x3  
  104  13:25  Robotics Facility  
  104  13:40  Void Ray x3  
  116  13:51  Robotics Facility  
  108  14:20  Nexus  
  108  14:23  Void Ray  
  112  14:31  Robotics Bay  
  112  14:33  Pylon  
  112  14:35  Pylon  
  112  14:37  Probe (Chrono Boost), Robotics Facility  
  113  14:48  Probe (Chrono Boost)  
  92  15:21  Colossus x2  
  92  15:25  Colossus  
  106  15:39  Probe x2 (Chrono Boost)  
  106  15:47  Gateway  
  100  15:58  Pylon  
  100  16:00  Pylon  
  100  16:13  Pylon  
  100  16:18  Probe x2 (Chrono Boost)  
  102  16:30  Pylon, Colossus  
  102  16:31  Probe x2 (Chrono Boost)  
  102  16:32  Pylon  
  110  16:48  Probe x2 (Chrono Boost)  
  112  16:59  Probe x2 (Chrono Boost)  
  114  17:09  Probe x2 (Chrono Boost)  
  116  17:20  Probe (Chrono Boost)  
  118  17:40  Probe (Chrono Boost)  
Tags
 
Add a new tag
Caveats
  • Supply blocks, unpowered buildings, or Contaminate may cause inaccurate times.
  • Supply counts are checked every 10 seconds.